 Dungeon Crawl Stone Soup version 0.31-a0-845-g9abc20d24f (webtiles) character file.

Game seed: 16059412490206321472

216 Dirtsage the Chopper (level 5, -1/45 HPs)
             Began as a Minotaur Fighter on Oct 2, 2023.
             Slain by an orc
             ... wielding a +0 morningstar
              (10 damage)
             ... on level 3 of the Dungeon.
             The game lasted 00:02:12 (1773 turns).

Dirtsage the Chopper (Minotaur Fighter)             Turns: 1773, Time: 00:02:12

Health: -1/45      AC:  8    Str: 22    XL:     5   Next: 61%
Magic:  4/4        EV:  6    Int:  5    God:
Gold:   105        SH:  4    Dex: 10    Spells: 4/4 levels left

rFire   . . .        a - +0 war axe
rCold   . . .        c - +0 buckler
rNeg    . . .        b - +0 scale mail
rPois   .            (helmet restricted)
rElec   .            (no cloak)
rCorr   .            (no gloves)
SInv    .            l - +0 pair of boots
Will    .....        (no amulet) Stlth
                     (no ring)
HPRegen 0.27/turn    (no ring)
MPRegen 0.09/turn

%: no passive effects
@: constricted
A: horns 2, retaliatory headbutt
a: no special abilities


You were on level 3 of the Dungeon.
You visited 1 branch of the dungeon, and saw 3 of its levels.

You collected 105 gold pieces.

Inventory:

Hand Weapons
 a - a +0 war axe (weapon)
Armour
 b - a +0 scale mail (worn)
 c - a +0 buckler (worn)
 l - a +0 pair of boots (worn)
Jewellery
 i - a ring of ice
Scrolls
 h - a scroll of immolation {unknown}
 j - a scroll of enchant armour {unknown}
 k - a scroll of summoning {unknown}
 m - a scroll of amnesia {unknown}
 p - a scroll of poison {unknown}
 q - a scroll of identify {unknown}
Potions
 d - a potion of might
 e - 3 potions of heal wounds {unknown}
 f - 6 potions of curing {unknown}
 g - a potion of enlightenment {unknown}
 n - a potion of ambrosia {unknown}
 o - 2 potions of lignification {unknown}


   Skills:
 - Level 3.6 Fighting
 + Level 7.2 Axes
 - Level 3.6 Armour
 - Level 3.6 Shields


You had 4 spell levels left.
You didn't know any spells.
Your spell library contained the following spells:

 Spells                   Type           Power      Damage    Failure   Level
 Magic Dart               Conj           0%         1d3       86%         1
 Call Imp                 Summ           0%         N/A       95%         2
 Mephitic Cloud           Conj/Pois/Air  0%         N/A       99%         3


Dungeon Overview and Level Annotations

Branches:
Dungeon (3/15)

Altars:


Innate Abilities, Weirdness & Mutations

You have a pair of horns on your head.
You reflexively headbutt those who attack you in melee.


Message History

The ball python grabs you. The ball python constricts you.
You take 15 damage, and have 30/45 hp.
MASSIVE DAMAGE!!
You are too injured to fight recklessly!
You are too injured to fight recklessly!
You are too injured to fight recklessly!
You escape the ball python's grasp.
The orc shouts!
The bat misses you.
An orc comes into view. It is wielding a +0 morningstar.
The ball python attacks as it pursues you!
You block the ball python's attack. The ball python grabs you.
The ball python constricts you.
You slash the orc priest!
The orc priest is almost dead.
You barely miss the orc. You hit the ball python. The bat barely misses you.
You furiously retaliate!
You headbutt the bat.
You kill the bat!
The orc priest hits you with a +0 dagger.
The orc hits you but does no damage.
The ball python bites you but does no damage.
The ball python constricts you. You block the orc's attack.
You take 1 damage, and have 30/45 hp.
You escape the ball python's grasp.
You block the orc's attack.
The orc priest invokes the aid of Beogh against you.
Beogh smites you! The orc closely misses you. x2
You take 16 damage, and have 14/45 hp.
MASSIVE DAMAGE!!
You hit the orc priest.
You kill the orc priest!
You hit the ball python. You barely miss the orc. You hit the orc.
You hit the orc but do no damage. The ball python closely misses you. x2
You block the orc's attack. The orc hits you with a +0 hand axe.
* * * LOW HITPOINT WARNING * * *
The orc hits you with a +0 morningstar.
* * * LOW HITPOINT WARNING * * *
Your Axes skill increases to level 7!
You take 6 damage, and have 8/45 hp.
You block the ball python's attack. The ball python grabs you.
The ball python constricts you. The orc barely misses you.
The orc attacks as it pursues you! The orc hits you with a +0 morningstar!
You die...

#### #.. #.# .. #.
######.####....
...####....oS.o...##
......./....@o....... .#
#.##.#.###..##...##. ...#.#.
#.# #..##...#
.......##.###.... ....
........)......##......
.....##.#####.......... .. #.
........#####........## .#...
....................####.#.#.
#.>.................#........


You could see 3 orcs and a ball python.

Vanquished Creatures
  A centaur (D:3)
  An orc priest (D:3)
  An adder (D:2)
  4 gnolls (D:2)
  A worm (D:3)
  A dart slug (D:1)
  An orc (D:3)
  7 ball pythons
  6 bats
  5 endoplasms
  A giant cockroach (D:1)
  4 goblins
  3 hobgoblins (D:2)
  2 jackals (D:2)
  2 quokkas
  3 frilled lizards
  6 kobolds
  9 rats
58 creatures vanquished.

Notes
Turn   | Place    | Note
-------+----------+-------------------------------------------
     0 | D:1      | Dirtsage the Minotaur Fighter began the quest for the Orb.
     0 | D:1      | Reached XP level 1. HP: 19/19 MP: 0/0
   113 | D:1      | Reached skill level 3 in Axes
   115 | D:1      | Reached XP level 2. HP: 16/26 MP: 1/1
   419 | D:1      | Reached skill level 4 in Axes
   824 | D:2      | Reached XP level 3. HP: 31/31 MP: 2/2
   914 | D:2      | Reached skill level 5 in Axes
   916 | D:2      | Reached XP level 4. HP: 38/39 MP: 3/3
  1393 | D:3      | Found a faded altar of an unknown god.
  1568 | D:3      | Noticed a centaur
  1577 | D:3      | Killed a centaur
  1578 | D:3      | Reached skill level 6 in Axes
  1578 | D:3      | Reached XP level 5. HP: 14/45 MP: 4/4
  1773 | D:3      | Reached skill level 7 in Axes
  1773 | D:3      | Slain by an orc

Illustrated notes

Levels and vault maps discovered:
D:1:      dpeg_arrival_water_temple_mockup, layout_basic
D:2:      layout_basic
D:3:      layout_basic, hellmonk_ecumenical_altar_run_dry,
          kennysheep_decorative_pillar

Skill      XL: |  1  2  3  4  5 |
---------------+----------------+-----
Axes           | 3 4 5 6 7 |  7.2
Fighting       | |  3.6
Armour         | |  3.6
Shields        | |  3.6

Action                     |  1- 3 |  4- 6 || total
---------------------------+-------+-------++-------
  Melee: War axe           |    58 |    59 ||   117
         Headbutt          |     6 |     4 ||    10
 Armour: Scale mail        |    44 |    50 ||    94
  Dodge: Dodged            |    29 |    48 ||    77
  Block: Buckler           |    18 |    15 ||    33

Table legend: (Time is in decaauts)
 A = Elapsed time spent in this place.
 B = Non-inter-level travel time spent in this place.
 C = Inter-level travel time spent in this place.
 D = Time resting spent in this place.
 E = Time spent auto-exploring this place.
 F = Levels seen in this place.
 G = Mean time per level.
                   A        B        C        D        E       F      G
               +--------+--------+--------+--------+--------+-----+--------+
         Total |   1805 |   1741 |     64 |     47 |   1397 |   3 |  601.7 |
       Dungeon |   1805 |   1741 |     64 |     47 |   1397 |   3 |  601.7 |
               +--------+--------+--------+--------+--------+-----+--------+

Top non-repeatable levels by time:
     D:1: 721 daAuts
     D:2: 692 daAuts
     D:3: 390 daAuts
